 Dungeon Crawl Stone Soup version 0.18-a0-1577-gf591c28 (webtiles) character file.

61 Ijustatesigmund the Insei (level 4, -3/29 HPs)
             Began as an Octopode Transmuter on Mar 18, 2016.
             Slain by Grinder (4 damage)
             ... while paralysed by Grinder
             ... on level 3 of the Dungeon.
             The game lasted 00:05:06 (1751 turns).

Ijustatesigmund the Insei (Octopode Transmuter)     Turns: 1751, Time: 00:05:06

Health: -3/29      AC:  1    Str:  9    XL:     4   Next: 7%
Magic:  2/7        EV:  2    Int: 16    God:
Gold:   36         SH:  0    Dex: 12    Spells: 3 memorised, 1 level left

rFire  . . .     SeeInvis .       - Unarmed
rCold  . . .     Gourm    .     (no shield)
rNeg   . . .     Faith    .     (helmet restricted)
rPois  .         Spirit   .     (no amulet)
rElec  .         Dismiss  .     (no ring)
rCorr  .         Reflect  .     (no ring)
SustAt .         Harm     .     (no ring)
MR     .....                    (no ring)
Stlth  +++.......               (no ring)
                                (no ring)
                                (no ring)
                                (no ring)

@: paralysed, very slightly contaminated, not resistant to hostile enchantments,
fairly stealthy
A: almost no armour, amphibious, 8 rings, constrict 8, camouflage 1, gelatinous
body 1
a: no special abilities


You were on level 3 of the Dungeon.
You were not hungry.

You visited 1 branch of the dungeon, and saw 3 of its levels.

You collected 36 gold pieces.

Inventory:

Missiles
 a - 41 arrows
Scrolls
 f - 2 scrolls of blinking
 j - a scroll of remove curse
 k - a scroll of enchant armour
 l - a scroll of enchant weapon
Potions
 e - a potion of brilliance {unknown}
 g - a potion of might {unknown}
Books
 b - a book of Changes

   Spells                             Type                      Level
   a - Beastly Appendage              Transmutation                1
   b - Sticks to Snakes               Transmutation                2
   c - Spider Form                    Transmutation/Poison         3
   d - Ice Form                       Ice/Transmutation            4
   e - Blade Hands                    Transmutation                5
Comestibles
 c - 3 bread rations
 h - 2 meat rations
 i - a beef jerky
 m - 3 chunks of flesh


   Skills:
 + Level 2.0 Fighting
 - Level 2.2 Dodging
 - Level 0.8 Stealth
 + Level 3.8 Unarmed Combat
 - Level 2.0 Spellcasting
 - Level 2.2 Transmutations
 + Level 1.2 Poison Magic


You had one spell level left.
You knew the following spells:

 Your Spells              Type           Power        Failure   Level  Hunger
a - Beastly Appendage     Trmt           #.....       10%         1    #......
b - Sticks to Snakes      Trmt           #.......     14%         2    ###....
c - Spider Form           Trmt/Pois      #.........   34%         3    ###....


Dungeon Overview and Level Annotations

Branches:
Dungeon (3/15)

Altars:
Ru
Sif Muna
Trog

Annotations:
D:1 1 runed door
D:3 Grinder


Innate Abilities, Weirdness & Mutations

You cannot wear most types of armour.
You are amphibious.
You can wear up to eight rings at the same time.
You can use your tentacles to constrict eight enemies at once.
Your skin changes colour to match your surroundings (Stealth).
Your rubbery body absorbs attacks (AC +1).


Message History

You miscast Sticks to Snakes.
Your skin glows momentarily.
You constrict Grinder. Grinder closely misses you.
Drink which item? (? for menu, Esc to quit)
You feel much better.
You constrict Grinder. Grinder barely misses you.
You tentacle-slap Grinder. You squeeze Grinder.
Grinder is severely wounded.
You constrict Grinder. Grinder gestures at you.
You suddenly lose the ability to move!
You lose your grip on Grinder.
Grinder hits you!
You writhe in agony.
Grinder gestures.
Grinder blinks!
Grinder hits you!
* * * LOW HITPOINT WARNING * * *
You writhe in agony.
* * * LOW HITPOINT WARNING * * *
Grinder hits you.
* * * LOW HITPOINT WARNING * * *
You writhe in agony.
You die...

### #.. #
#.#######.#
#.#÷...)..#
###.#.#######
#.5@.<.......
#.###########
... #...
+.... #.....
...P≈P.
...P≈P.


You could see Grinder.

Vanquished Creatures
  3 dart slugs
  2 giant cockroaches (D:1)
  4 goblins (D:1)
  10 hobgoblins
  4 jackals (D:3)
  A quokka (D:2)
  3 bats
  2 giant newts
  4 kobolds
  15 rats
48 creatures vanquished.

Vanquished Creatures (collateral kills)
  6 rats (D:2)
6 creatures vanquished.

Grand Total: 54 creatures vanquished

Notes
Turn   | Place    | Note
--------------------------------------------------------------
     0 | D:1      | Ijustatesigmund the Octopode Transmuter began the quest for the Orb.
     0 | D:1      | Reached XP level 1. HP: 13/13 MP: 3/3
     0 | D:1      | Noticed a jelly
     1 | D:1      | Found a runed door.
   195 | D:1      | Reached XP level 2. HP: 12/18 MP: 5/5
   689 | D:1      | Reached XP level 3. HP: 19/23 MP: 4/6
   712 | D:1      | Learned a level 2 spell: Sticks to Snakes
   716 | D:1      | Learned a level 3 spell: Spider Form
   856 | D:2      | Found a deep blue altar of Sif Muna.
  1207 | D:2      | Found a bloodstained altar of Trog.
  1333 | D:2      | Found a sacrificial altar of Ru.
  1404 | D:2      | Found a faded altar to an unknown god.
  1712 | D:3      | Reached XP level 4. HP: 22/29 MP: 5/7
  1715 | D:3      | Reached skill level 1 in Poison Magic
  1736 | D:3      | Noticed Grinder
  1746 | D:3      | Paralysed by Grinder for 6 turns
  1751 | D:3      | HP: 1/29 [Grinder (1)]
  1751 | D:3      | Slain by Grinder

Vault maps used:
D:1:      dpeg_arrival_caged_fury
D:2:      nicolae_ru_awakened_eye, nicolae_overflow_crystal_walls,
          lemuel_crystal_altar, ecumenical_altar_2, serial_bayou_pond_a,
          minmay_rat_hole
D:3:      tso_oasis_becter, gammafunk_temple_overflow_statue, first_bread,
          uniq_sigmund, uniq_grinder

Skill      XL: |  1  2  3  4 |
---------------+-------------+-----
Fighting       | 2 |  2.0
Poison Magic   | 1 |  1.2
Dodging        | |  2.2
Stealth        | |  0.8
Unarmed Combat | |  3.8
Spellcasting   | |  2.0
Transmutations | |  2.2

Action                   |  1- 3 |  4- 6 || total
-------------------------+-------+-------++-------
Melee: Unarmed           |    83 |     7 ||    90
 Cast: Beastly Appendage |     6 |       ||     6
       Sticks to Snakes  |     3 |       ||     3
  Use: Scroll            |     7 |       ||     7
       Potion            |       |     1 ||     1
 Stab: Sleeping          |     9 |       ||     9
  Eat: Chunk             |     3 |       ||     3
